 Dungeon Crawl Stone Soup version 0.17-a0-1475-g9f81d98 (webtiles) character file.

74 abixa the Chopper (level 4, 0/37 HPs)
             Began as a Hill Orc Gladiator on July 2, 2015.
             Slain by Sigmund
             ... wielding a +0 scythe
              (6 damage)
             ... on level 2 of the Dungeon.
             The game lasted 00:03:22 (1843 turns).

abixa the Chopper (Hill Orc Gladiator)              Turns: 1843, Time: 00:03:22

Health: 0/37       AC:  4    Str: 17    XL:     4   Next: 30%
Magic:  4/4        EV: 13    Int: 14    God:
Gold:   68         SH:  0    Dex: 11    Spells: 0 memorised, 3 levels left

rFire  . . .     SeeInvis .     a - +0 war axe
rCold  . . .     Clarity  .     b - +0 leather armour
rNeg   . . .     SustAt   .     (no shield)
rPois  .         Gourm    .     c - +0 helmet
rElec  .         Spirit   .     (no cloak)
rCorr  .         Warding  .     (no gloves)
rMut   .         Stasis   .     (no boots)
MR     .....                    (no amulet)
Stlth  +.........               m - +5 ring of intelligence
                                j - +1 ring of evasion

@: not resistant to hostile enchantments, very unstealthy
A: no striking features
a: no special abilities


You were on level 2 of the Dungeon.
You were very hungry.

You visited 1 branch of the dungeon, and saw 2 of its levels.

You collected 68 gold pieces.

Inventory:

Hand weapons
 a - a +0 war axe (weapon)
 o - a +0 dagger of venom
Missiles
 d - 3 throwing nets (quivered)
 i - 11 stones
 k - 2 javelins
 s - 6 sling bullets of flame
 v - 7 tomahawks
Armour
 b - a +0 leather armour (worn)
 c - a +0 helmet (worn)
Jewellery
 j - a +1 ring of evasion (left hand)
 m - a +5 ring of intelligence (right hand)
Scrolls
 h - 3 scrolls of identify {unknown}
 p - a scroll of enchant weapon {unknown}
 r - a scroll of remove curse {unknown}
 t - a scroll of teleportation {unknown}
Potions
 f - a potion of haste {unknown}
 g - a potion of degeneration {unknown}
 l - a potion of flight {unknown}
 n - a potion of magic {unknown}
 q - a potion of cancellation {unknown}
 u - 2 potions of lignification {unknown}
Comestibles
 e - 4 bread rations


   Skills:
 - Level 2.4 Fighting
 + Level 6.6 Axes
 - Level 2.0 Throwing
 - Level 2.4 Dodging


You had 3 spell levels left.
You didn't know any spells.

Dungeon Overview and Level Annotations

Branches:
Dungeon (2/15)

Altars:

Annotations:
D:2 Sigmund


Message History

You hit the gnoll.
The gnoll is heavily wounded.
The gnoll misses you.
A gnoll comes into view. It is wielding a halberd.
Sigmund shouts!
The gnoll shouts!
You hit the gnoll but do no damage.
The gnoll is heavily wounded.
Sigmund gestures wildly while chanting.
Sigmund flickers and vanishes!
Deactivating autopickup; reactivate with Ctrl-A.
The gnoll hits you with a club!
You slash the gnoll!
You kill the gnoll!
The gnoll hits you but does no damage.
The gnoll picks up a fuming orange potion.
The gnoll hits you.
The gnoll hits you from afar with a halberd!
* * * LOW HITPOINT WARNING * * *
Something hits you.
You die...

.........#
#...#######...#####.#
#####.#### #...##
##........# .# #.#
#....# ##.######## .#
#.# #....## #...#
.####.#
#.....#####...###
......#
#######...##......>#
.######
...........).g.....#
.#
####..g##..........
.# #@g#####...#####
.# ###.## #...# ##
#...# #.### #.### #.#
#.# .. ###.###
#.....# #.....#
#.....#


You could see 2 gnolls.

Vanquished Creatures
  An adder (D:2)
  2 gnolls (D:2)
  An ooze (D:2)
  2 worms (D:2)
  A giant gecko (D:1)
  9 goblins
  7 hobgoblins
  2 jackals (D:1)
  5 kobolds
  2 bats (D:1)
  A giant cockroach (D:1)
  2 giant newts (D:2)
  2 rats
37 creatures vanquished.

Notes
Turn   | Place    | Note
--------------------------------------------------------------
     0 | D:1      | abixa the Hill Orc Gladiator began the quest for the Orb.
     0 | D:1      | Reached XP level 1. HP: 18/18 MP: 1/1
   130 | D:1      | Reached XP level 2. HP: 19/25 MP: 2/2
   358 | D:1      | Reached skill level 5 in Axes
   941 | D:2      | Reached XP level 3. HP: 30/30 MP: 3/3
  1345 | D:2      | Noticed Sigmund
  1609 | D:2      | Reached skill level 6 in Axes
  1827 | D:2      | Reached XP level 4. HP: 37/37 MP: 4/4
  1843 | D:2      | Slain by Sigmund

Vault maps used:
D:1:      mrwooster_arrival_statue_3, minmay_cupped
D:2:      uniq_sigmund

Action                   |  1- 3 |  4- 6 || total
-------------------------+-------+-------++-------
Melee: War axe           |   109 |    10 ||   119
  Eat: Chunk             |     2 |       ||     2
